 Dungeon Crawl Stone Soup version 0.24-a0-520-g8fd06ad0bc (webtiles) character file.

Game seed: 17833437900161598269

39 forest the Sneak (level 3, 0/18 HPs)
             Began as a Spriggan Assassin on July 24, 2019.
             Succumbed to an adder's poison
             ... on level 2 of the Dungeon.
             The game lasted 00:02:33 (1345 turns).

forest the Sneak (Spriggan Assassin)                Turns: 1345, Time: 00:02:33

Health: 0/18       AC:  3    Str:  8    XL:     3   Next: 26%
Magic:  4/4        EV: 17    Int: 12    God:
Gold:   84         SH:  0    Dex: 17    Spells: 2/2 levels left

rFire    . . .     SeeInvis +   a - +2 dagger
rCold    . . .     Gourm    .   (shield restricted)
rNeg     . . .     Faith    .   b - +0 robe
rPois    .         Spirit   .   (helmet restricted)
rElec    .         Reflect  .   c - +0 cloak
rCorr    .         Harm     .   (gloves unavailable)
MR       .....                  (boots unavailable)
Stlth    ++++......             (no amulet)
HPRegen  0.06/turn              (no ring)
MPRegen  0.09/turn              (no ring)

@: lethally poisoned (0 -> -4), very quick
A: very small, unfitting armour, see invisible, herbivore, speed 3, slow
metabolism 2
a: no special abilities


You were on level 2 of the Dungeon.
You were not hungry.

You visited 1 branch of the dungeon, and saw 2 of its levels.

You collected 84 gold pieces.

Inventory:

Hand Weapons
 a - a +2 dagger (weapon)
Missiles
 d - 27 poisoned darts (quivered)
 e - 2 curare-tipped darts
 i - 104 stones
 k - 28 sling bullets
Armour
 b - a +0 robe (worn)
 c - a +0 cloak (worn)
Scrolls
 h - 4 scrolls of identify {unknown}
 m - a scroll of fog {unknown}
 n - a scroll of fear {unknown}
Comestibles
 f - 2 rations


   Skills:
 + Level 1.6 Fighting
 + Level 2.4 Short Blades
 + Level 2.2 Throwing
 + Level 1.5 Dodging
 + Level 7.3 Stealth


You had 2 spell levels left.
You didn't know any spells.
Your spell library was empty.

Dungeon Overview and Level Annotations

Branches:
Dungeon (2/15)

Altars:


Innate Abilities, Weirdness & Mutations

You are very small and have problems with some larger weapons.
You are too small for most types of armour.
You have supernaturally acute eyesight. (SInv)
You are a herbivore.
You cover ground extremely quickly.
You need to consume almost no food.


Message History

You feel very mighty all of a sudden.
* * * LOW HITPOINT WARNING * * *
You feel sick.
It was a potion of cancellation.
Your magical effects are unravelling.
You feel magically purged.
You feel a little less mighty now.
You feel a little less agile now.
You aren't carrying any potions.
* * * LOW HITPOINT WARNING * * *
You feel sick.
* * * LOW HITPOINT WARNING * * *
You feel sick.
There is a lethal amount of poison in your body!
There is a lethal amount of poison in your body!
There is a lethal amount of poison in your body!
There is a lethal amount of poison in your body!
There is a lethal amount of poison in your body!
* * * LOW HITPOINT WARNING * * *
You feel sick.
You die...

##.......###.#
#.#
#..####.##..#
#.#
.######..###
#.## #.#
...........#
#.# #.#
.#####...#.#
##.# #.#
#......##.##.#
#..
##........##.#
##.
##.##.#####.#
#.
#.##..@....#
##
#.##########
#.# #.# #. #.


There were no monsters in sight!

Vanquished Creatures
  A gnoll (D:1)
  3 leopard geckos
  3 giant cockroaches
  2 goblins (D:1)
  4 hobgoblins (D:1)
  3 jackals (D:1)
  2 bats (D:1)
  A frilled lizard (D:1)
  A kobold (D:1)
  5 rats
25 creatures vanquished.

Notes
Turn   | Place    | Note
-------+----------+-------------------------------------------
     0 | D:1      | forest the Spriggan Assassin began the quest for the Orb.
     0 | D:1      | Reached XP level 1. HP: 10/10 MP: 2/2
     8 | D:1      | Reached skill level 6 in Stealth
    63 | D:1      | Reached XP level 2. HP: 10/14 MP: 3/3
   844 | D:1      | Reached skill level 7 in Stealth
   856 | D:1      | Reached XP level 3. HP: 16/18 MP: 4/4
  1345 | D:2      | Succumbed to an adder's poison

Levels and vault maps discovered:
D:1:      ncdulo_lavacross, layout_loops_corners, minmay_tromino_v7
D:2:      layout_loops_corners

Skill      XL: |  1  2 |
---------------+-------+-----
Stealth        | 6 7 |  7.3
Fighting       | |  1.6
Short Blades   | |  2.4
Throwing       | |  2.2
Dodging        | |  1.5

Action                   || total
-------------------------++-------
Melee: Dagger            ||    75
Throw: Dart              ||     7
  Use: Potion            ||     3
 Stab: Sleeping          ||    11
Armor: Robe              ||     5
Dodge: Dodged            ||    48

Table legend:
 A = Non-vault XP
 B = Vault XP
 C = Vault XP percentage of total XP
 D = Non-vault monster count
 E = Vault monster count
 F = Vault count percentage of total count
                 A         B        C        D         E       F
            +---------+---------+-------+---------+---------+-------
      Total |      50 |       6 |  10.7 |      21 |       4 |  16.0
            +---------+---------+-------+---------+---------+-------
        D:1 |      44 |       6 |  12.0 |      18 |       4 |  18.2
        D:2 |       6 |       0 |   0.0 |       3 |       0 |   0.0
            +---------+---------+-------+---------+---------+-------
